Wolves vs Sharks

Created - Thursday, January 15, 2015 at 23:34

Goals
1 2 3 T
Wolves 1 1 0 2
Sharks 1 0 0 1
Shots
1 2 3 T
Wolves 9 9 3 21
Sharks 10 12 7 29

1st period

1. Wolves , Jordan Schroeder 18 (Yannick Weber) at 1:35 (PP)
2. Sharks , Mark Barberio 29 (J.C. Lipon, David van der Gulik) at 4:58 (PP)

Penalties :
J.C. Lipon (WOR) for High sticking (Minor) at 0:57, Jared Boll (CHI) for Hooking (Minor) at 4:32, Alex Petrovic (WOR) for Fighting (Major) at 5:27, Daniel Carcillo (CHI) for Fighting (Major) at 5:27, Brendan Mikkelson (WOR) for Fighting (Major) at 5:30, Dane Byers (CHI) for Fighting (Major) at 5:30, Mike Halmo (WOR) for Fighting (Major) at 7:07, Yann Sauve (CHI) for Fighting (Major) at 7:07, Mike Halmo (WOR) for Elbowing (Minor) at 17:34

2nd period

3. Wolves , Daniel Carcillo 8 (Cedric Paquette, Yannick Weber) at 6:42 (PP)

Penalties :
Farm Player20 (CHI) for Holding (Minor) at 0:42, Joey Mormina (WOR) for Tripping (Minor) at 5:36, Joey Mormina (WOR) for Holding (Minor) at 0:00

3rd period

No Goal

Penalties :
Farm Player1 (CHI) for Slashing (Minor) at 3:57

Goalie Stats

Scott Wedgewood (CHI), 28 saves from 29 shots - (0.966), W, 8-6-7, 60:00 minutes
Aaron Dell (WOR), 19 saves from 21 shots - (0.905), L, 11-15-5, 59:04 minutes

Players Stats for Wolves

Player Name              G  A  P  +/- PIM S  H  SB GA TA FO     MP     PP MP  PK MP  
------------------------------------------------------------------------------------
Ben Hanowski             0  0  0   0  0   0  3  1  2  0  0/0    10:59   0:00   0:00 
Cedric Paquette          0  1  1   0  0   3  1  0  1  2  7/13   15:22   3:24   0:00 
Chris Terry              0  0  0   0  0   1  0  3  0  2  2/5    18:50   2:19   3:53 
Corbin McPherson         0  0  0   0  0   1  0  3  0  2  0/0    23:40   3:25   1:48 
Dane Byers               0  0  0   0  5   1  1  1  0  1  0/0    12:11   0:00   0:26 
Daniel Carcillo          1  0  1   0  5   4  3  0  3  0  0/0    15:24   3:24   0:31 
Farm Player1             0  0  0   0  2   0  0  0  0  0  0/0    17:36   0:00   0:00 
Farm Player20            0  0  0   0  2   0  1  0  0  1  0/0    18:02   0:00   0:00 
Jared Boll               0  0  0   0  2   2  2  0  1  0  1/1    17:39   2:19   3:27 
Joel Broda               0  0  0   0  0   0  2  2  1  1  2/4    11:45   0:00   0:00 
Jordan Schroeder         1  0  1   0  0   3  1  0  2  1  5/10   16:42   2:19   0:31 
Landon Ferraro           0  0  0   0  0   0  2  1  2  0  0/5    13:04   0:00   0:00 
Logan Shaw               0  0  0   0  0   0  0  2  0  0  0/0    10:59   0:00   0:00 
Michael Caruso           0  0  0   0  0   0  1  0  0  1  0/0    20:47   2:18   2:36 
Nicklas Jensen           0  0  0   0  0   4  0  1  3  2  0/0    15:22   3:24   0:00 
Scott Glennie            0  0  0   0  0   1  0  1  1  1  0/0    14:46   0:00   0:00 
Yann Sauve               0  0  0   0  5   0  0  1  0  1  0/0    19:34   2:18   2:36 
Yannick Weber            0  2  2   0  0   1  2  0  3  0  0/0    22:48   3:25   1:48 

Players Stats for Sharks

Player Name              G  A  P  +/- PIM S  H  SB GA TA FO     MP     PP MP  PK MP  
------------------------------------------------------------------------------------
Alex Petrovic            0  0  0   0  5   1  3  0  1  2  0/0    18:39   1:56   2:47 
Alexandre Bolduc         0  0  0   0  0   2  1  2  0  0  5/11   22:06   1:58   2:53 
Brendan Mikkelson        0  0  0   0  5   1  2  2  1  0  0/0    22:36   2:28   2:56 
David van der Gulik      0  1  1   0  0   7  0  0  3  3  0/0    17:05   2:26   0:00 
Dominik Uher             0  0  0   0  0   1  2  0  2  0  2/3    14:55   0:00   0:00 
J.C. Lipon               0  1  1   0  2   2  4  0  3  0  1/2    16:19   2:26   0:00 
Joey Mormina             0  0  0   0  4   0  0  0  1  0  0/0    18:02   0:00   0:00 
Louis Leblanc            0  0  0   0  0   0  1  1  1  0  2/5    20:34   1:58   2:19 
Marek Hrivik             0  0  0   0  0   3  2  0  1  0  0/1    14:58   0:00   0:00 
Mark Barberio            1  0  1   0  0   5  0  0  2  1  0/0    24:18   2:28   2:56 
Mark McNeill             0  0  0   0  0   0  2  1  0  0  7/10   21:30   2:26   2:45 
Michael Latta            0  0  0   0  0   1  1  0  1  0  4/6    14:00   0:00   1:35 
Mike Halmo               0  0  0   0  7   4  3  0  3  0  0/0    13:21   1:58   0:00 
Nicolas Deslauriers      0  0  0   0  0   0  1  0  0  0  0/0     3:56   0:00   1:54 
Patrick McNeill          0  0  0   0  0   0  1  1  2  1  0/0    21:28   1:56   2:47 
Richard Panik            0  0  0   0  0   0  0  0  0  0  0/0     1:06   0:00   0:00 
Tom Kostopoulos          0  0  0   0  0   2  4  1  1  1  0/0    12:49   0:00   0:00 
Wade Brookbank           0  0  0   0  0   0  0  1  0  0  0/0    16:29   0:00   0:00 

3 Stars

1 - Scott Wedgewood (CHI)
2 - Yannick Weber (CHI)
3 - Jordan Schroeder (CHI)

Power Play

Wolves - 2 on 4 Attempt(s) - 50.00%
Sharks - 1 on 3 Attempt(s) - 33.33%

Penalty Kill

Wolves - 2 on 3 Attempt(s) - 66.67% - Score 0 goal in Penalty Kill
Sharks - 2 on 4 Attempt(s) - 50.00% - Score 0 goal in Penalty Kill

Team Stat

Wolves - Hits : 19 - Faceoff Wins : 17 - Blocked Shots : 16 - Penalty Minutes : 21
Sharks - Hits : 27 - Faceoff Wins : 21 - Blocked Shots : 9 - Penalty Minutes : 23

Official

Referees : Unknown
Linesman : Unknown

Game Notes

Alex Petrovic beats up Daniel Carcillo at 5:27 of 1st period
Brendan Mikkelson and Dane Byers fight to a draw at 5:30 of 1st period
Mike Halmo and Yann Sauve fight to a draw at 7:07 of 1st period

Finance

Level 1 -- Attendance: 1531 (76.55%) -- Ticket Income $53,585
Level 2 -- Attendance: 817 (81.70%) -- Ticket Income $12,255
Total Attendance: 2348 (78.27%)
Total Ticket Income: $65,840
Other Income: $32,262
Total Income: $98,102

Wolves

5 vs 5 Forward 
   Center                   Left Wing                Right Wing               Time % Phy DF OF 
 1 Jordan Schroeder         Chris Terry              Jared Boll               35     1   2  2  
 2 Cedric Paquette          Daniel Carcillo          Nicklas Jensen           30     1   2  2  
 3 Landon Ferraro           Dane Byers               Scott Glennie            22     1   2  2  
 4 Joel Broda               Ben Hanowski             Logan Shaw               13     1   2  2  

5 vs 5 Defense 
   Defense                  Defense                                           Time % Phy DF OF 
 1 Yannick Weber            Corbin McPherson                                  35     1   2  2  
 2 Yann Sauve               Michael Caruso                                    30     1   2  2  
 3 Farm Player1             Farm Player20                                     22     1   2  2  
 4 Yannick Weber            Corbin McPherson                                  13     1   2  2  

PowerPlay Forward 
   Center                   Left Wing                Right Wing               Time % Phy DF OF 
 1 Jordan Schroeder         Chris Terry              Jared Boll               60     1   2  2  
 2 Cedric Paquette          Daniel Carcillo          Nicklas Jensen           40     1   2  2  

PowerPlay Defense
   Defense                  Defense                                           Time % Phy DF OF 
 1 Yannick Weber            Corbin McPherson                                  60     1   2  2  
 2 Yann Sauve               Michael Caruso                                    40     1   2  2  

Penalty Kill 4 Players Forward 
   Center                   Wing                     Time % Phy DF OF 
 1 Chris Terry              Jared Boll               60     1   2  2  
 2 Jordan Schroeder         Daniel Carcillo          40     1   2  2  

Penalty Kill 4 Players Defense
   Defense                  Defense                  Time % Phy DF OF 
 1 Yannick Weber            Corbin McPherson         60     1   2  2  
 2 Yann Sauve               Michael Caruso           40     1   2  2  

Penalty Kill - 3 Players Forward 
   Forward                                           Time % Phy DF OF 
 1 Chris Terry                                       60     1   2  2  
 2 Jared Boll                                        40     1   2  2  

Penalty Kill - 3 Players Defense
   Defense                  Defense                  Time % Phy DF OF 
 1 Yannick Weber            Corbin McPherson         60     1   2  2  
 2 Yann Sauve               Michael Caruso           40     1   2  2  

4 vs 4 Forward 
   Center                   Wing                     Time % Phy DF OF 
 1 Chris Terry              Jared Boll               60     1   2  2  
 2 Jordan Schroeder         Daniel Carcillo          40     1   2  2  

4 vs 4 Defense
   Defense                  Defense                  Time % Phy DF OF 
 1 Yannick Weber            Corbin McPherson         60     1   2  2  
 2 Yann Sauve               Michael Caruso           40     1   2  2  

Last Minutes Offensive
   Center                   Left Wing                Right Wing               Defense                  Defense                  
   Jordan Schroeder         Chris Terry              Jared Boll               Yannick Weber            Corbin McPherson         

Last Minutes Defensive
   Center                   Left Wing                Right Wing               Defense                  Defense                  
   Jordan Schroeder         Chris Terry              Jared Boll               Yannick Weber            Corbin McPherson         

Goaltenders
Starting : Scott Wedgewood          
Backup : Farm Player93            

Extra Forwards
Normal : Scott Glennie, Landon Ferraro, Dane Byers - PP : Scott Glennie, Landon Ferraro - PK : Dane Byers
Extra Defensemen
Normal : Farm Player1, Farm Player20, Yann Sauve - PP : Farm Player1 - PK : Farm Player20, Yann Sauve
Penalty Shots
Chris Terry, Jared Boll, Jordan Schroeder, Daniel Carcillo, Nicklas Jensen

Sharks

5 vs 5 Forward 
   Center                   Left Wing                Right Wing               Time % Phy DF OF 
 1 Alexandre Bolduc         Mike Halmo               Louis Leblanc            35     1   2  2  
 2 Mark McNeill             David van der Gulik      J.C. Lipon               30     1   2  2  
 3 Michael Latta            Marek Hrivik             Alexandre Bolduc         22     1   2  2  
 4 Dominik Uher             Tom Kostopoulos          Mark McNeill             13     1   2  2  

5 vs 5 Defense 
   Defense                  Defense                                           Time % Phy DF OF 
 1 Brendan Mikkelson        Mark Barberio                                     35     1   2  2  
 2 Patrick McNeill          Alex Petrovic                                     30     1   2  2  
 3 Joey Mormina             Wade Brookbank                                    22     1   2  2  
 4 Brendan Mikkelson        Mark Barberio                                     13     1   2  2  

PowerPlay Forward 
   Center                   Left Wing                Right Wing               Time % Phy DF OF 
 1 Alexandre Bolduc         Mike Halmo               Louis Leblanc            60     1   2  2  
 2 Mark McNeill             David van der Gulik      J.C. Lipon               40     1   2  2  

PowerPlay Defense
   Defense                  Defense                                           Time % Phy DF OF 
 1 Brendan Mikkelson        Mark Barberio                                     60     1   2  2  
 2 Patrick McNeill          Alex Petrovic                                     40     1   2  2  

Penalty Kill 4 Players Forward 
   Center                   Wing                     Time % Phy DF OF 
 1 Alexandre Bolduc         Mark McNeill             60     1   2  2  
 2 Michael Latta            Louis Leblanc            40     1   2  2  

Penalty Kill 4 Players Defense
   Defense                  Defense                  Time % Phy DF OF 
 1 Brendan Mikkelson        Mark Barberio            60     1   2  2  
 2 Patrick McNeill          Alex Petrovic            40     1   2  2  

Penalty Kill - 3 Players Forward 
   Forward                                           Time % Phy DF OF 
 1 Alexandre Bolduc                                  60     1   2  2  
 2 Mark McNeill                                      40     1   2  2  

Penalty Kill - 3 Players Defense
   Defense                  Defense                  Time % Phy DF OF 
 1 Brendan Mikkelson        Mark Barberio            60     1   2  2  
 2 Patrick McNeill          Alex Petrovic            40     1   2  2  

4 vs 4 Forward 
   Center                   Wing                     Time % Phy DF OF 
 1 Alexandre Bolduc         Mark McNeill             60     1   2  2  
 2 Michael Latta            Louis Leblanc            40     1   2  2  

4 vs 4 Defense
   Defense                  Defense                  Time % Phy DF OF 
 1 Brendan Mikkelson        Mark Barberio            60     1   2  2  
 2 Patrick McNeill          Alex Petrovic            40     1   2  2  

Last Minutes Offensive
   Center                   Left Wing                Right Wing               Defense                  Defense                  
   Alexandre Bolduc         Mike Halmo               Louis Leblanc            Brendan Mikkelson        Mark Barberio            

Last Minutes Defensive
   Center                   Left Wing                Right Wing               Defense                  Defense                  
   Alexandre Bolduc         Mike Halmo               Louis Leblanc            Brendan Mikkelson        Mark Barberio            

Goaltenders
Starting : Aaron Dell               
Backup : Farm Player95            

Extra Forwards
Normal : Marek Hrivik, Dominik Uher, Alexandre Bolduc - PP : Marek Hrivik, Dominik Uher - PK : Alexandre Bolduc
Extra Defensemen
Normal : Joey Mormina, Wade Brookbank, Patrick McNeill - PP : Joey Mormina - PK : Wade Brookbank, Patrick McNeill
Penalty Shots
Alexandre Bolduc, Mark McNeill, Michael Latta, Louis Leblanc, Mike Halmo

% Time on Ice - Wolves

Lines # - Real PCT - Wanted PCT - Time Play
Normal Forward
1 - 24% - 35% - 11:54
2 - 27% - 30% - 13:12
3 - 27% - 22% - 13:04
4 - 22% - 13% - 10:59
Normal Defense
1 - 31% - 35% - 15:13
2 - 36% - 30% - 17:53
3 - 28% - 22% - 13:41
4 - 5% - 13% - 2:22
PP Forward
1 - 41% - 60% - 2:19
2 - 59% - 40% - 3:24
PP Defense
1 - 60% - 60% - 3:25
2 - 40% - 40% - 2:18
PK Forward
1 - 88% - 60% - 3:53
2 - 12% - 40% - 0:31
PK Defense
1 - 41% - 60% - 1:48
2 - 59% - 40% - 2:36
PK3 Forward
1 - 0% - 60%
2 - 0% - 40%
PK3 Defense
1 - 0% - 60%
2 - 0% - 40%
44 Forward
1 - 0% - 60%
2 - 0% - 40%
44 Defense
1 - 0% - 60%
2 - 0% - 40%
Last Minute Offensive  - 0:00
Last Minute Defensive  - 0:44
Total
Forward - 60:00
Defense - 60:00

% Time on Ice - Sharks

Lines # - Real PCT - Wanted PCT - Time Play
Normal Forward
1 - 26% - 35% - 12:56
2 - 29% - 30% - 14:14
3 - 18% - 22% - 9:02
4 - 26% - 13% - 12:49
Normal Defense
1 - 32% - 35% - 15:32
2 - 33% - 30% - 16:24
3 - 28% - 22% - 13:47
4 - 7% - 13% - 3:18
PP Forward
1 - 45% - 60% - 1:58
2 - 55% - 40% - 2:26
PP Defense
1 - 56% - 60% - 2:28
2 - 44% - 40% - 1:56
PK Forward
1 - 81% - 60% - 4:39
2 - 19% - 40% - 1:04
PK Defense
1 - 51% - 60% - 2:56
2 - 49% - 40% - 2:47
PK3 Forward
1 - 0% - 60%
2 - 0% - 40%
PK3 Defense
1 - 0% - 60%
2 - 0% - 40%
44 Forward
1 - 0% - 60%
2 - 0% - 40%
44 Defense
1 - 0% - 60%
2 - 0% - 40%
Last Minute Offensive  - 0:52
Last Minute Defensive  - 0:00
Total
Forward - 60:00
Defense - 60:00

Play by Play

1st period


0:01 of 1st period - Alexandre Bolduc wins face-off versus Jordan Schroeder in neutral zone.
0:06 of 1st period - Slapshot by Mark Barberio.
0:06 of 1st period - Shot Blocked by Corbin McPherson.
0:08 of 1st period - Snap shot by Louis Leblanc.
0:08 of 1st period - Shot Hit the Post.
0:57 of 1st period - Minor Penalty to J.C. Lipon for High sticking.
0:58 of 1st period - Cedric Paquette wins face-off versus Alexandre Bolduc in Sharks zone.
1:03 of 1st period - Slapshot by Cedric Paquette.
1:03 of 1st period - Stopped by Aaron Dell with a rebound.
1:05 of 1st period - Snap shot by Cedric Paquette.
1:05 of 1st period - Stopped by Aaron Dell with a rebound.
1:33 of 1st period - Snap shot by Nicklas Jensen.
1:33 of 1st period - Stopped by Aaron Dell without a rebound.
1:34 of 1st period - Jordan Schroeder wins face-off versus Alexandre Bolduc in Sharks zone.
1:35 of 1st period - Slapshot by Yannick Weber.
1:35 of 1st period - Deflect By Jordan Schroeder.
1:35 of 1st period - Goal by Jordan Schroeder - Wolves : 1 - Sharks : 0.
1:36 of 1st period - Michael Latta wins face-off versus Landon Ferraro in neutral zone.
1:44 of 1st period - Snap shot by Scott Glennie.
1:44 of 1st period - Shot Misses the Net.
1:54 of 1st period - Wrist shot by Dane Byers.
1:54 of 1st period - Stopped by Aaron Dell with a rebound.
1:56 of 1st period - Slapshot by Yann Sauve.
1:56 of 1st period - Deflect By Scott Glennie.
1:56 of 1st period - Stopped by Aaron Dell with a rebound.
1:58 of 1st period - Snap shot by Scott Glennie.
1:58 of 1st period - Shot Misses the Net.
2:10 of 1st period - Wrist shot by Dane Byers.
2:10 of 1st period - Shot Blocked by Alexandre Bolduc.
2:29 of 1st period - Off-side.
2:30 of 1st period - Cedric Paquette wins face-off versus Mark McNeill in neutral zone.
3:01 of 1st period - Daniel Carcillo is hit by J.C. Lipon and loses puck.
3:18 of 1st period - Wrist shot by Louis Leblanc.
3:18 of 1st period - Shot Misses the Net.
3:24 of 1st period - Snap shot by Mike Halmo.
3:24 of 1st period - Deflect By Ben Hanowski.
3:24 of 1st period - Stopped by Scott Wedgewood with a rebound.
3:28 of 1st period - Snap shot by Alexandre Bolduc.
3:28 of 1st period - Stopped by Scott Wedgewood with a rebound.
3:39 of 1st period - Slapshot by Mike Halmo.
3:39 of 1st period - Stopped by Scott Wedgewood with a rebound.
4:09 of 1st period - Snap shot by Dominik Uher.
4:09 of 1st period - Shot Blocked by Logan Shaw.
4:11 of 1st period - Slapshot by Wade Brookbank.
4:11 of 1st period - Deflect By Tom Kostopoulos.
4:11 of 1st period - Shot Misses the Net.
4:11 of 1st period - Puck is out of play.
4:12 of 1st period - Chris Terry wins face-off versus Michael Latta in Wolves zone.
4:19 of 1st period - Snap shot by Marek Hrivik.
4:19 of 1st period - Stopped by Scott Wedgewood without a rebound.
4:20 of 1st period - Michael Latta wins face-off versus Jordan Schroeder in Wolves zone.
4:32 of 1st period - Minor Penalty to Jared Boll for Hooking.
4:33 of 1st period - Chris Terry wins face-off versus Mark McNeill in Wolves zone.
4:47 of 1st period - Slapshot by David van der Gulik.
4:47 of 1st period - Shot Misses the Net.
4:49 of 1st period - Snap shot by David van der Gulik.
4:49 of 1st period - Stopped by Scott Wedgewood with a rebound.
4:58 of 1st period - Slapshot by Mark Barberio.
4:58 of 1st period - Goal by Mark Barberio - Wolves : 1 - Sharks : 1.
4:59 of 1st period - Alexandre Bolduc wins face-off versus Jordan Schroeder in neutral zone.
5:24 of 1st period - Slapshot by Mike Halmo.
5:24 of 1st period - Stopped by Scott Wedgewood without a rebound.
5:25 of 1st period - Mark McNeill wins face-off versus Cedric Paquette in Wolves zone.
5:26 of 1st period - Wrist shot by David van der Gulik.
5:26 of 1st period - Stopped by Scott Wedgewood with a rebound.
5:27 of 1st period - Alex Petrovic beats up Daniel Carcillo.
5:27 of 1st period - Penalty to Alex Petrovic for Fighting.
5:27 of 1st period - Penalty to Daniel Carcillo for Fighting.
5:28 of 1st period - Mark McNeill wins face-off versus Landon Ferraro in Wolves zone.
5:30 of 1st period - Brendan Mikkelson and Dane Byers fight to a draw.
5:30 of 1st period - Penalty to Brendan Mikkelson for Fighting.
5:30 of 1st period - Penalty to Dane Byers for Fighting.
5:31 of 1st period - Mark McNeill wins face-off versus Cedric Paquette in Wolves zone.
5:58 of 1st period - Icing by David van der Gulik.
5:59 of 1st period - Mark McNeill wins face-off versus Jordan Schroeder in Sharks zone.
6:48 of 1st period - Alexandre Bolduc is hit by Jared Boll and loses puck.
7:07 of 1st period - Mike Halmo and Yann Sauve fight to a draw.
7:07 of 1st period - Penalty to Mike Halmo for Fighting.
7:07 of 1st period - Penalty to Yann Sauve for Fighting.
7:08 of 1st period - Dominik Uher wins face-off versus Landon Ferraro in neutral zone.
7:30 of 1st period - Tom Kostopoulos is hit by Yannick Weber and loses puck.
7:55 of 1st period - Cedric Paquette is hit by Marek Hrivik and loses puck.
8:02 of 1st period - Snap shot by Michael Latta.
8:02 of 1st period - Shot Blocked by Nicklas Jensen.
8:47 of 1st period - Chris Terry is hit by J.C. Lipon and loses puck.
9:08 of 1st period - Backhand shot by Jordan Schroeder.
9:08 of 1st period - Shot Blocked by Mark McNeill.
10:42 of 1st period - Wrist shot by Nicklas Jensen.
10:42 of 1st period - Shot Blocked by Wade Brookbank.
12:01 of 1st period - Wrist shot by Daniel Carcillo.
12:01 of 1st period - Stopped by Aaron Dell with a rebound.
12:21 of 1st period - Snap shot by Mark Barberio.
12:21 of 1st period - Stopped by Scott Wedgewood with a rebound.
12:23 of 1st period - Slapshot by Mark Barberio.
12:23 of 1st period - Shot Misses the Net.
12:25 of 1st period - Wrist shot by Mark Barberio.
12:25 of 1st period - Shot Misses the Net.
12:35 of 1st period - Louis Leblanc is hit by Ben Hanowski and loses puck.
12:51 of 1st period - Icing by Joel Broda.
12:52 of 1st period - Alexandre Bolduc wins face-off versus Joel Broda in Wolves zone.
12:59 of 1st period - Joel Broda is hit by Alex Petrovic.
14:41 of 1st period - Tom Kostopoulos is hit by Michael Caruso and loses puck.
15:16 of 1st period - Snap shot by Michael Latta.
15:16 of 1st period - Shot Blocked by Chris Terry.
15:18 of 1st period - Slapshot by Alex Petrovic.
15:18 of 1st period - Shot Misses the Net.
15:20 of 1st period - Slapshot by Alex Petrovic.
15:20 of 1st period - Stopped by Scott Wedgewood with a rebound.
15:40 of 1st period - Snap shot by Daniel Carcillo.
15:40 of 1st period - Stopped by Aaron Dell with a rebound.
16:24 of 1st period - Brendan Mikkelson is hit by Landon Ferraro and loses puck.
16:39 of 1st period - Mark Barberio is hit by Yannick Weber and loses puck.
16:52 of 1st period - Chris Terry is hit by Brendan Mikkelson and loses puck.
17:01 of 1st period - Slapshot by David van der Gulik.
17:01 of 1st period - Shot Blocked by Joel Broda.
17:03 of 1st period - Snap shot by Louis Leblanc.
17:03 of 1st period - Shot Misses the Net.
17:05 of 1st period - Slapshot by Patrick McNeill.
17:05 of 1st period - Shot Blocked by Joel Broda.
17:07 of 1st period - Snap shot by J.C. Lipon.
17:07 of 1st period - Shot Misses the Net.
17:34 of 1st period - Minor Penalty to Mike Halmo for Elbowing.
17:35 of 1st period - Cedric Paquette wins face-off versus Louis Leblanc in Sharks zone.
17:38 of 1st period - Snap shot by Daniel Carcillo.
17:38 of 1st period - Shot Misses the Net.
17:40 of 1st period - Backhand shot by Cedric Paquette.
17:40 of 1st period - Shot Blocked by Brendan Mikkelson.
17:42 of 1st period - Snap shot by Nicklas Jensen.
17:42 of 1st period - Deflect By Daniel Carcillo.
17:42 of 1st period - Shot Misses the Net.
17:42 of 1st period - Puck is out of play.
17:43 of 1st period - Louis Leblanc wins face-off versus Cedric Paquette in Sharks zone.
17:49 of 1st period - Icing by Daniel Carcillo.
17:50 of 1st period - Cedric Paquette wins face-off versus Louis Leblanc in Wolves zone.
19:09 of 1st period - Slapshot by Mark McNeill.
19:09 of 1st period - Shot Misses the Net.
19:34 of 1st period - Penalty to Mike Halmo is over, Mike Halmo is back on ice.
19:46 of 1st period - Wrist shot by Jordan Schroeder.
19:46 of 1st period - Shot Hit the Post.
19:48 of 1st period - Slapshot by Corbin McPherson.
19:48 of 1st period - Stopped by Aaron Dell without a rebound.
19:49 of 1st period - Jordan Schroeder wins face-off versus Marek Hrivik in Sharks zone.
Goals for this period are 1 for Wolves vs 1 for Sharks.
Shots for this period are 9 for Wolves vs 10 for Sharks.

2nd period


0:01 of 2nd period - Cedric Paquette wins face-off versus Alexandre Bolduc in neutral zone.
0:18 of 2nd period - Wrist shot by Louis Leblanc.
0:18 of 2nd period - Shot Misses the Net.
0:42 of 2nd period - Minor Penalty to Farm Player20 for Holding.
0:43 of 2nd period - Mark McNeill wins face-off versus Chris Terry in Wolves zone.
1:14 of 2nd period - Slapshot by Yannick Weber.
1:14 of 2nd period - Deflect By Jared Boll.
1:14 of 2nd period - Stopped by Aaron Dell with a rebound.
1:16 of 2nd period - Slapshot by Yannick Weber.
1:16 of 2nd period - Shot Blocked by Patrick McNeill.
1:18 of 2nd period - Wrist shot by Yannick Weber.
1:18 of 2nd period - Deflect By Chris Terry.
1:18 of 2nd period - Shot Misses the Net.
1:18 of 2nd period - Puck is out of play.
1:19 of 2nd period - Alexandre Bolduc wins face-off versus Chris Terry in Sharks zone.
1:26 of 2nd period - Wrist shot by Mike Halmo.
1:26 of 2nd period - Shot Misses the Net.
1:28 of 2nd period - Slapshot by Mike Halmo.
1:28 of 2nd period - Shot Blocked by Chris Terry.
1:34 of 2nd period - Wrist shot by Mark Barberio.
1:34 of 2nd period - Deflect By Chris Terry.
1:34 of 2nd period - Stopped by Scott Wedgewood with a rebound.
2:42 of 2nd period - Penalty to Farm Player20 is over, Farm Player20 is back on ice.
2:54 of 2nd period - Yann Sauve is hit by Tom Kostopoulos and loses puck.
3:05 of 2nd period - Tom Kostopoulos is hit by Daniel Carcillo and loses puck.
4:17 of 2nd period - Slapshot by Mark Barberio.
4:17 of 2nd period - Stopped by Scott Wedgewood with a rebound.
4:19 of 2nd period - Snap shot by Alexandre Bolduc.
4:19 of 2nd period - Stopped by Scott Wedgewood with a rebound.
4:21 of 2nd period - Slapshot by Brendan Mikkelson.
4:21 of 2nd period - Shot Misses the Net.
4:23 of 2nd period - Wrist shot by Marek Hrivik.
4:23 of 2nd period - Stopped by Scott Wedgewood with a rebound.
4:25 of 2nd period - Snap shot by Marek Hrivik.
4:25 of 2nd period - Stopped by Scott Wedgewood without a rebound.
4:26 of 2nd period - Michael Latta wins face-off versus Cedric Paquette in Wolves zone.
4:47 of 2nd period - Daniel Carcillo is hit by Tom Kostopoulos and loses puck.
5:08 of 2nd period - Snap shot by Mike Halmo.
5:08 of 2nd period - Stopped by Scott Wedgewood with a rebound.
5:20 of 2nd period - Joel Broda is hit by Alex Petrovic and loses puck.
5:36 of 2nd period - Minor Penalty to Joey Mormina for Tripping.
5:37 of 2nd period - Jordan Schroeder wins face-off versus Alexandre Bolduc in Sharks zone.
5:54 of 2nd period - Snap shot by Jordan Schroeder.
5:54 of 2nd period - Deflect By Chris Terry.
5:54 of 2nd period - Shot Misses the Net.
5:54 of 2nd period - Puck is out of play.
5:55 of 2nd period - Jordan Schroeder wins face-off versus Alexandre Bolduc in Sharks zone.
6:31 of 2nd period - Wrist shot by Nicklas Jensen.
6:31 of 2nd period - Stopped by Aaron Dell without a rebound.
6:32 of 2nd period - Cedric Paquette wins face-off versus Louis Leblanc in Sharks zone.
6:38 of 2nd period - Snap shot by Yannick Weber.
6:38 of 2nd period - Shot Blocked by Louis Leblanc.
6:40 of 2nd period - Snap shot by Cedric Paquette.
6:40 of 2nd period - Stopped by Aaron Dell with a rebound.
6:42 of 2nd period - Wrist shot by Daniel Carcillo.
6:42 of 2nd period - Goal by Daniel Carcillo - Wolves : 2 - Sharks : 1.
6:43 of 2nd period - Mark McNeill wins face-off versus Landon Ferraro in neutral zone.
6:48 of 2nd period - Slapshot by Brendan Mikkelson.
6:48 of 2nd period - Stopped by Scott Wedgewood with a rebound.
7:45 of 2nd period - Mike Halmo is hit by Landon Ferraro and loses puck.
8:11 of 2nd period - Snap shot by Jordan Schroeder.
8:11 of 2nd period - Shot Misses the Net.
8:13 of 2nd period - Wrist shot by Chris Terry.
8:13 of 2nd period - Stopped by Aaron Dell with a rebound.
8:15 of 2nd period - Snap shot by Corbin McPherson.
8:15 of 2nd period - Deflect By Jordan Schroeder.
8:15 of 2nd period - Stopped by Aaron Dell with a rebound.
8:17 of 2nd period - Slapshot by Yannick Weber.
8:17 of 2nd period - Shot Misses the Net.
8:19 of 2nd period - Slapshot by Yannick Weber.
8:19 of 2nd period - Stopped by Aaron Dell with a rebound.
8:21 of 2nd period - Wrist shot by Jared Boll.
8:21 of 2nd period - Stopped by Aaron Dell without a rebound.
8:22 of 2nd period - Michael Latta wins face-off versus Cedric Paquette in Sharks zone.
8:27 of 2nd period - Slapshot by Alex Petrovic.
8:27 of 2nd period - Shot Misses the Net.
9:29 of 2nd period - Yann Sauve is hit by Patrick McNeill.
9:33 of 2nd period - Chris Terry is hit by Dominik Uher.
9:54 of 2nd period - Slapshot by Chris Terry.
9:54 of 2nd period - Shot Blocked by Tom Kostopoulos.
10:17 of 2nd period - Alexandre Bolduc is hit by Joel Broda and loses puck.
10:32 of 2nd period - Backhand shot by Ben Hanowski.
10:32 of 2nd period - Shot Blocked by Alexandre Bolduc.
10:34 of 2nd period - Slapshot by Ben Hanowski.
10:34 of 2nd period - Shot Blocked by Brendan Mikkelson.
11:02 of 2nd period - David van der Gulik is hit by Farm Player20 and loses puck.
11:39 of 2nd period - Slapshot by J.C. Lipon.
11:39 of 2nd period - Shot Blocked by Dane Byers.
12:19 of 2nd period - Wrist shot by Michael Latta.
12:19 of 2nd period - Stopped by Scott Wedgewood without a rebound.
12:20 of 2nd period - Cedric Paquette wins face-off versus Michael Latta in Wolves zone.
12:33 of 2nd period - Snap shot by David van der Gulik.
12:33 of 2nd period - Stopped by Scott Wedgewood with a rebound.
12:39 of 2nd period - Snap shot by Mark Barberio.
12:39 of 2nd period - Shot Blocked by Corbin McPherson.
13:12 of 2nd period - Alexandre Bolduc is hit by Ben Hanowski and loses puck.
13:20 of 2nd period - Off-side.
13:21 of 2nd period - Joel Broda wins face-off versus Alexandre Bolduc in neutral zone.
13:24 of 2nd period - Snap shot by Ben Hanowski.
13:24 of 2nd period - Shot Misses the Net.
13:36 of 2nd period - Alex Petrovic is hit by Ben Hanowski and loses puck.
14:18 of 2nd period - Icing by Chris Terry.
14:19 of 2nd period - Jordan Schroeder wins face-off versus J.C. Lipon in Wolves zone.
14:26 of 2nd period - Slapshot by J.C. Lipon.
14:26 of 2nd period - Stopped by Scott Wedgewood with a rebound.
14:38 of 2nd period - Chris Terry is hit by J.C. Lipon and loses puck.
15:11 of 2nd period - Yann Sauve is hit by Alexandre Bolduc.
16:05 of 2nd period - Wrist shot by David van der Gulik.
16:05 of 2nd period - Shot Blocked by Scott Glennie.
16:07 of 2nd period - Slapshot by David van der Gulik.
16:07 of 2nd period - Stopped by Scott Wedgewood with a rebound.
16:09 of 2nd period - Slapshot by David van der Gulik.
16:09 of 2nd period - Stopped by Scott Wedgewood with a rebound.
17:26 of 2nd period - Jordan Schroeder is hit by Brendan Mikkelson and loses puck.
17:47 of 2nd period - Snap shot by Nicklas Jensen.
17:47 of 2nd period - Stopped by Aaron Dell with a rebound.
18:34 of 2nd period - Patrick McNeill is hit by Dane Byers and loses puck.
18:57 of 2nd period - Slapshot by Alex Petrovic.
18:57 of 2nd period - Shot Blocked by Logan Shaw.
19:13 of 2nd period - Joel Broda is hit by Marek Hrivik and loses puck.
19:18 of 2nd period - Slapshot by Michael Latta.
19:18 of 2nd period - Shot Misses the Net.
19:20 of 2nd period - Snap shot by Wade Brookbank.
19:20 of 2nd period - Shot Blocked by Ben Hanowski.
19:36 of 2nd period - Joel Broda is hit by Mark McNeill and loses puck.
Goals for this period are 1 for Wolves vs 0 for Sharks.
Shots for this period are 9 for Wolves vs 12 for Sharks.
0:00 of 3rd period - Minor Penalty to Joey Mormina for Holding.

3rd period


0:01 of 3rd period - Alexandre Bolduc wins face-off versus Jordan Schroeder in neutral zone.
1:03 of 3rd period - Alex Petrovic is hit by Cedric Paquette and loses puck.
1:16 of 3rd period - Snap shot by Nicklas Jensen.
1:16 of 3rd period - Shot Misses the Net.
2:00 of 3rd period - Penalty to Joey Mormina is over, Joey Mormina is back on ice.
2:00 of 3rd period - Alex Petrovic is hit by Daniel Carcillo and loses puck.
2:15 of 3rd period - Dane Byers is hit by Louis Leblanc and loses puck.
3:01 of 3rd period - Slapshot by Louis Leblanc.
3:01 of 3rd period - Shot Blocked by Landon Ferraro.
3:11 of 3rd period - Scott Glennie is hit by Dominik Uher and loses puck.
3:16 of 3rd period - Wrist shot by Tom Kostopoulos.
3:16 of 3rd period - Stopped by Scott Wedgewood with a rebound.
3:18 of 3rd period - Slapshot by Dominik Uher.
3:18 of 3rd period - Stopped by Scott Wedgewood without a rebound.
3:19 of 3rd period - Joel Broda wins face-off versus Dominik Uher in Wolves zone.
3:57 of 3rd period - Minor Penalty to Farm Player1 for Slashing.
3:58 of 3rd period - Jared Boll wins face-off versus Mark McNeill in Wolves zone.
4:14 of 3rd period - Icing by Mark Barberio.
4:15 of 3rd period - J.C. Lipon wins face-off versus Chris Terry in Sharks zone.
4:15 of 3rd period - J.C. Lipon is hit by Jared Boll.
4:29 of 3rd period - Slapshot by Mark Barberio.
4:29 of 3rd period - Shot Blocked by Yann Sauve.
5:22 of 3rd period - Snap shot by David van der Gulik.
5:22 of 3rd period - Shot Blocked by Chris Terry.
5:28 of 3rd period - Snap shot by J.C. Lipon.
5:28 of 3rd period - Shot Misses the Net.
5:30 of 3rd period - Snap shot by David van der Gulik.
5:30 of 3rd period - Stopped by Scott Wedgewood with a rebound.
5:48 of 3rd period - Daniel Carcillo is hit by Mike Halmo and loses puck.
5:57 of 3rd period - Penalty to Farm Player1 is over, Farm Player1 is back on ice.
7:37 of 3rd period - Landon Ferraro is hit by Tom Kostopoulos and loses puck.
9:05 of 3rd period - Slapshot by J.C. Lipon.
9:05 of 3rd period - Stopped by Scott Wedgewood with a rebound.
9:37 of 3rd period - Snap shot by Daniel Carcillo.
9:37 of 3rd period - Stopped by Aaron Dell with a rebound.
9:51 of 3rd period - Slapshot by Nicklas Jensen.
9:51 of 3rd period - Stopped by Aaron Dell with a rebound.
10:11 of 3rd period - Slapshot by Jordan Schroeder.
10:11 of 3rd period - Stopped by Aaron Dell with a rebound.
10:39 of 3rd period - Yannick Weber is hit by Tom Kostopoulos and loses puck.
10:50 of 3rd period - Snap shot by Tom Kostopoulos.
10:50 of 3rd period - Shot Blocked by Corbin McPherson.
10:52 of 3rd period - Wrist shot by Tom Kostopoulos.
10:52 of 3rd period - Stopped by Scott Wedgewood without a rebound.
10:53 of 3rd period - Dominik Uher wins face-off versus Joel Broda in Wolves zone.
11:12 of 3rd period - Chris Terry is hit by Alex Petrovic.
11:41 of 3rd period - Snap shot by David van der Gulik.
11:41 of 3rd period - Stopped by Scott Wedgewood with a rebound.
12:12 of 3rd period - Jordan Schroeder is hit by Mark McNeill and loses puck.
12:54 of 3rd period - Dominik Uher is hit by Joel Broda and loses puck.
13:06 of 3rd period - Off-side.
13:07 of 3rd period - Mark McNeill wins face-off versus Cedric Paquette in neutral zone.
14:11 of 3rd period - Slapshot by Mark Barberio.
14:11 of 3rd period - Stopped by Scott Wedgewood with a rebound.
14:30 of 3rd period - Icing by Scott Glennie.
14:31 of 3rd period - Louis Leblanc wins face-off versus Landon Ferraro in Wolves zone.
15:27 of 3rd period - Wrist shot by Marek Hrivik.
15:27 of 3rd period - Shot Misses the Net.
15:58 of 3rd period - Jordan Schroeder is hit by Michael Latta and loses puck.
16:09 of 3rd period - J.C. Lipon is hit by Jordan Schroeder and loses puck.
16:24 of 3rd period - Nicklas Jensen is hit by J.C. Lipon and loses puck.
16:43 of 3rd period - Brendan Mikkelson is hit by Daniel Carcillo and loses puck.
17:23 of 3rd period - Ben Hanowski is hit by Mike Halmo and loses puck.
18:34 of 3rd period - Wrist shot by Mike Halmo.
18:34 of 3rd period - Shot Misses the Net.
19:01 of 3rd period - Jordan Schroeder is hit by Mike Halmo and loses puck.
19:04 of 3rd period - Sharks, Aaron Dell is pulled from the net.
19:53 of 3rd period - Chris Terry is hit by Nicolas Deslauriers and loses puck.
Goals for this period are 0 for Wolves vs 0 for Sharks.
Shots for this period are 3 for Wolves vs 7 for Sharks.


Output by the SimonT Hockey Simulator (STHS) for Eric Dolegowski -- Original Page W3C XHTML 1.0 Valid
Hockey Simulator - Hockey Simulation - Hockey Manager